 Dungeon Crawl Stone Soup version 0.25-a0-110-ge29c8f2358 (webtiles) character file.

Game seed: 13691706118097002826, levelgen mode: deterministic

10724 Gargoyl the Covered (level 11, 0/91 HPs)
             Began as a Centaur Abyssal Knight on Nov 20, 2019.
             Was a High Priest of Lugonu.
             Slain by a spiny frog (7 damage)
             ... on level 1 of the Lair of Beasts.
             The game lasted 00:19:17 (16280 turns).

Gargoyl the Covered (Centaur Abyssal Knight)       Turns: 16280, Time: 00:19:18

Health: 0/91       AC: 17    Str: 16    XL:     11   Next: 39%
Magic:  16/16      EV:  5    Int: 11    God:    Lugonu [*****.]
Gold:   392        SH:  8    Dex: 16    Spells: 10/10 levels left

rFire    + . .     SeeInvis .   f - +3 war axe (chop)
rCold    . . .     Gourm    .   v - +3 buckler {rN+}
rNeg     + . .     Faith    .   j - +0 plate armour
rPois    .         Spirit   .   i - +2 hat
rElec    .         Reflect  .   l - +0 cloak
rCorr    .         Harm     .   n - +1 pair of gloves
MR       .....                  (no barding)
Stlth    ..........             (no amulet)
HPRegen  0.25/turn              t - ring of protection from fire
MPRegen  0.15/turn              y - +3 ring of dexterity

@: very quick
A: large, hooves 3, agile 1, deformed body, speed 2, tough skin 3, MP-powered
wands
a: Depart the Abyss, Bend Space, Banish, Corrupt, Enter the Abyss, Renounce
Religion


You were on level 1 of the Lair of Beasts.
You worshipped Lugonu.
Lugonu was extremely pleased with you.
You were very hungry.

You visited 2 branches of the dungeon, and saw 14 of its levels.
You visited the Abyss 1 time.

You collected 996 gold pieces.
You spent 604 gold pieces at shops.

Inventory:

Hand Weapons
 a - a +1 hand axe
 f - a +3 war axe of chopping (weapon)
 s - the +2 rapier of Makhleb's Hatred {protect, MP+9 Str+2 Stlth-}
   (You found it on level 5 of the Dungeon)

   It grants its wielder temporary protection when it strikes (+7 to AC).
   It affects your strength (+2).
   It affects your magic capacity (+9).
   It makes you less stealthy.
Missiles
 x - 7 silver boomerangs (quivered)
 A - 20 boomerangs
Armour
 i - a +2 hat (worn)
 j - a +0 plate armour (worn)
 l - a +0 cloak (worn)
 n - a +1 pair of gloves (worn)
 v - a +3 buckler of positive energy (worn)
Jewellery
 t - a ring of protection from fire (left hand)
 y - a +3 ring of dexterity (right hand)
Wands
 k - a wand of iceblast (13)
 p - a wand of disintegration (15)
 r - a wand of acid (6)
 u - a wand of random effects (19)
 w - a wand of enslavement (8)
Scrolls
 b - 9 scrolls of identify
 e - a scroll of teleportation
 h - 8 scrolls of remove curse
Potions
 d - 4 potions of cancellation
 g - 2 potions of resistance
 m - 2 potions of might
 o - a potion of lignification
 q - a potion of curing
 z - 2 potions of heal wounds
 B - a potion of flight
Comestibles
 c - 18 rations


   Skills:
 + Level 6.7 Fighting
 + Level 5.0 Short Blades
 + Level 6.9 Axes
 * Level 7.9 Armour
 * Level 5.0 Dodging
 + Level 2.4 Shields
 * Level 7.8 Invocations
 + Level 0.8 Evocations


You had 10 spell levels left.
You didn't know any spells.
Your spell library contained the following spells:

 Spells                   Type           Power        Failure   Level  Hunger
 Apportation              Tloc           #.....       100%        1    ##.....
 Shock                    Conj/Air       #...         100%        1    ##.....
 Summon Butterflies       Summ           #.......     100%        1    ##.....
 Swiftness                Chrm/Air       #.......     100%        2    ###....
 Lesser Beckoning         Tloc           #.........   100%        3    ####...
 Static Discharge         Conj/Air       #.......     100%        3    ####...
 Tukima's Dance           Hex            #.......     100%        3    ####...
 Airstrike                Air            #.........   100%        4    #####..
 Alistair's Intoxication  Tmut/Pois      #.......     100%        5    ######.
 Lightning Bolt           Conj/Air       #.........   100%        5    ######.
 Invisibility             Hex            #.......     100%        6    #######


Dungeon Overview and Level Annotations

Branches:
Dungeon (13/15)            Temple (0/1) D:6            Lair (1/6) D:10
    Orc (0/2) D:9
 Vaults: D:13-14

Altars:
Dithmenos
Fedhas
Nemelex Xobeh
Qazlal
Uskayaw
Wu Jian
Beogh

Shops:
D:4 [=   D:6 }   D:9 ?

Annotations:
D:8 2 transporters, EpicUbivator's ghost, novice MiFi
D:11 2 runed translucent doors
D:12 Urug


Innate Abilities, Weirdness & Mutations

You have hooves in place of feet.
Armour fits poorly on your strangely shaped body.
You cover ground very quickly.
You have extremely tough skin. (AC +3)
You are agile. (Dex +2)
You expend magic power (3 MP) to strengthen your wands.


Message History

You feel sick.
The spiny frog stings you but does no damage.
You closely miss the spiny frog. Your kick misses the spiny frog.
You feel sick. The spiny frog stings you! x2
* * * LOW HITPOINT WARNING * * *
You closely miss the spiny frog. You kick the spiny frog!
The spiny frog is lightly wounded.
The spiny frog stings you!
* * * LOW HITPOINT WARNING * * *
You are lethally poisoned!
The spiny frog poisons you!
You completely miss the spiny frog.
The spiny frog is lightly wounded.
* * * LOW HITPOINT WARNING * * *
You feel very sick. You block the spiny frog's attack.
You feel better. The spiny frog stings you!
* * * LOW HITPOINT WARNING * * *
The spiny frog stings you!
You die...

##...........#
....########.# .. .#.##
##.# #...... #..## #..#
###....... ##..#
##.###......F.. #.###
#.P#..#....... #...##
#..##.#.......
#.##..######..P..#.......
## #.#..........@#......$
#.##.####.####F.......
#..#.# #.# ##.......
#.#..# #.. .......
.#.#.P# #.# #..####
#....#.## ... ###
..##.#..# .. ...###.##
....##..###


You could see a spiny frog.

Vanquished Creatures
  An unseen horror (D:10)
  Joseph (D:7)
  A spiny frog (Lair:1)
  A hippogriff (Lair:1)
  Prince Ribbit (D:7)
  2 wyverns
  10 yaks
  Menkaure (D:6)
  3 wargs
  3 water moccasins (Lair:1)
  2 hell hounds (D:13)
  Duvessa (D:5)
  6 orc warriors
  7 sky beasts
  3 ogres
  3 ice beasts
  A wolf (D:13)
  An eye of draining (Abyss:1)
  4 centaurs
  2 crocodiles
  7 bullfrogs
  Dowan (D:5)
  A scorpion (D:6)
  7 killer bees
  5 wights
  4 crimson imps
  7 howler monkeys
  7 hounds
  2 jellies
  Crazy Yiuf (D:5)
  A bullfrog skeleton (D:5)
  10 orc priests
  15 orc wizards
  An iguana (D:8)
  Ijyb (D:3)
  10 worker ants
  Terence (D:3)
  A hound skeleton (D:7)
  2 worker ant zombies
  7 adders
  4 gnolls (D:6)
  2 shadow imps
  3 ufetubi (Abyss:1)
  3 oozes
  2 adder skeletons (D:4)
  2 dart slugs (D:1)
  4 worms
  7 leopard geckos
  63 orcs
  3 ball pythons
  11 bats
  4 giant cockroaches
  11 goblins
  8 hobgoblins
  17 jackals
  8 kobolds
  8 quokkas
  5 frilled lizards
  A leopard gecko zombie (D:7)
  A quokka skeleton (D:4)
  11 rats
  A fungus (Lair:1)
324 creatures vanquished.

Vanquished Creatures (others)
  A two-headed ogre (D:9)
  A gargoyle (D:10)
  The ghost of RedPan the Chiller, a novice DrIE of Sif Muna (D:6)
  A hornet (D:8)
  A crimson imp (D:8)
  9 starspawn tentacles (Abyss:1)
14 creatures vanquished.

Grand Total: 338 creatures vanquished

Notes
Turn   | Place    | Note
-------+----------+-------------------------------------------
     0 | Abyss:1  | Gargoyl the Centaur Abyssal Knight began the quest for the
                  | Orb.
     0 | Abyss:1  | Reached XP level 1. HP: 19/19 MP: 2/2
   124 | Abyss:1  | Noticed a sun demon
   126 | Abyss:1  | Noticed a deep elf elementalist
   142 | Abyss:1  | Noticed a tentacled starspawn
   173 | Abyss:1  | Noticed an eye of draining
   179 | Abyss:1  | Killed an eye of draining
   179 | Abyss:1  | Reached XP level 2. HP: 19/27 MP: 0/3
   179 | Abyss:1  | Reached XP level 3. HP: 23/33 MP: 0/4
   179 | Abyss:1  | Reached XP level 4. HP: 28/40 MP: 0/5
   229 | D:1      | Escaped the Abyss
   601 | D:1      | Reached * piety under Lugonu
  1364 | D:2      | Found a blossoming altar of Fedhas.
  1441 | D:2      | Reached XP level 5. HP: 43/46 MP: 6/6
  2124 | D:2      | Reached ** piety under Lugonu
  2258 | D:3      | Noticed Terence
  2276 | D:3      | Killed Terence
  2657 | D:3      | Noticed Ijyb
  2700 | D:4      | Found Qochun's Antique Armour Shop.
  2701 | D:4      | Reached skill level 1 in Dodging
  2766 | D:3      | Killed Ijyb
  2865 | D:3      | Reached XP level 6. HP: 47/53 MP: 8/8
  3454 | D:3      | Reached *** piety under Lugonu
  3782 | D:4      | Bought a pair of gloves for 99 gold pieces
  3790 | D:4      | Gained mutation: You are agile. (Dex +2) [potion of
                  | mutation]
  3790 | D:4      | Gained mutation: You evolve. [potion of mutation]
  3790 | D:4      | Gained mutation: You expend magic power (3 MP) to
                  | strengthen your wands. [potion of mutation]
  3842 | D:4      | Found Plog's Jewellery Boutique.
  4364 | D:5      | Entered Level 5 of the Dungeon
  4407 | D:5      | Noticed Dowan
  4408 | D:5      | Noticed Duvessa
  4418 | D:5      | Killed Duvessa
  4419 | D:5      | Killed Dowan
  4419 | D:5      | Reached XP level 7. HP: 52/60 MP: 2/9
  4580 | D:5      | Found a stormy altar of Qazlal.
  4626 | D:5      | Got a jewelled rapier
  4627 | D:5      | Identified the cursed +2 rapier of Makhleb's Hatred
                  | {protect, MP+9 Str+2 Stlth-} (You found it on level 5 of
                  | the Dungeon)
  4902 | D:5      | Found a sparkling altar of Nemelex Xobeh.
  4933 | D:5      | Found a runed translucent door.
  4934 | D:5      | Noticed Crazy Yiuf
  5392 | D:5      | Killed Crazy Yiuf
  5392 | D:5      | Reached skill level 1 in Short Blades
  5540 | D:6      | Reached XP level 8. HP: 61/67 MP: 10/10
  5547 | D:6      | Reached **** piety under Lugonu
  5547 | D:6      | Reached skill level 5 in Fighting
  5761 | D:6      | Reached skill level 1 in Shields
  5964 | D:6      | Found a staircase to the Ecumenical Temple.
  6133 | D:5      | Lost mutation: You evolve. [evolution]
  6651 | D:6      | Noticed Menkaure
  6688 | D:7      | HP: 3/68 [centaur/arrow (1)]
  7018 | D:8      | Reached skill level 5 in Armour
  7341 | D:7      | Reached XP level 9. HP: 74/74 MP: 12/12
  7490 | D:7      | Reached skill level 5 in Invocations
  7626 | D:6      | Killed Menkaure
  8029 | D:6      | Found a runed translucent door.
  8031 | D:6      | Noticed RedPan's ghost (novice DrIE)
  8055 | D:6      | Banished RedPan's ghost
  8379 | D:6      | Found Yxtettum's Gadget Boutique.
  8769 | D:7      | Noticed Joseph
  8789 | D:7      | Killed Joseph
  8789 | D:7      | Reached skill level 5 in Axes
  9364 | D:7      | Noticed Prince Ribbit
  9392 | D:7      | Killed Prince Ribbit
  9825 | D:7      | Found an ornate altar of the Wu Jian Council.
  9944 | D:4      | Bought a shiny buckler for 165 gold pieces
 10040 | D:8      | Reached XP level 10. HP: 83/83 MP: 14/14
 10897 | D:8      | Found a transporter.
 10966 | D:8      | Found a hide-covered altar of Uskayaw.
 11292 | D:8      | Noticed a moth of wrath
 11938 | D:8      | Noticed EpicUbivator's ghost (novice MiFi)
 12140 | D:8      | Found a shadowy altar of Dithmenos.
 12180 | D:8      | Found a transporter.
 12451 | D:9      | Noticed a two-headed ogre
 12476 | D:9      | Banished a two-headed ogre
 12847 | D:9      | Found Zygrasa's Magic Scroll Boutique.
 12855 | D:9      | Bought a scroll of brand weapon for 340 gold pieces
 13020 | D:9      | Found a staircase to the Orcish Mines.
 13032 | D:9      | Reached skill level 5 in Short Blades
 13112 | D:9      | Found a roughly hewn altar of Beogh.
 13698 | D:10     | Entered Level 10 of the Dungeon
 14069 | D:10     | Reached ***** piety under Lugonu
 14073 | D:10     | Killed an unseen horror
 14073 | D:10     | Reached XP level 11. HP: 64/91 MP: 16/16
 14483 | D:10     | You fall into a shaft and drop 3 floors!
 14750 | D:12     | Noticed Urug
 14796 | D:11     | Found a runed translucent gate.
 14796 | D:11     | Found a runed translucent gate.
 14924 | D:10     | Found a staircase to the Lair.
 14942 | D:10     | HP: 4/91 [warg (9)]
 15702 | Lair:1   | Entered Level 1 of the Lair of Beasts
 15910 | Lair:1   | Reached skill level 5 in Dodging
 16280 | Lair:1   | Slain by a spiny frog

Levels and vault maps discovered:
D:1:      minmay_arrival_up_and_down, layout_basic
D:2:      layout_basic, fedhas_altar_1, first_ration, eino_tiny_chamber,
          kennysheep_generic_room_4
D:3:      layout_loops_corners, portal_sewer_entry_d, uniq_terence, uniq_ijyb
D:4:      layout_cave_pools, serial_shops, nicolae_shop_waterfront, shop
D:5:      layout_loops_corners, kennysheep_mini,
          nemelex_xobeh_ov_fountains_minmay, minmay_liquid_box, uniq_duvessa,
          uniq_crazy_yiuf_cottage
D:6:      layout_basic, minmay_temple_entry_offerings, serial_shops,
          kennysheep_mini_moat, ebering_ghost_sewer_d, uniq_menkaure
D:7:      layout_loops_ring, marbit_many_paths, uniq_joseph, uniq_prince_ribbit1
D:8:      minmay_goldmine, layout_basic, nicolae_overflow_hidden_temple,
          eat_drink_and_be_merry_uskayaw, gammafunk_ghost_berserking_beasts
D:9:      layout_layer_cave, minmay_orc_entry_temple_small, serial_shops,
          nicolae_shop_crystal
D:10:     layout_rooms, erik_lair_orcish_takeover
D:11:     minmay_the_grid_triangle_9x9_recursive_2
          [minmay_the_grid_triangle_9x9_prize_schism,
          minmay_the_grid_triangle_9x9_warning,
          minmay_the_grid_triangle_9x9_skeleton,
          minmay_the_grid_triangle_9x9_flanged_cone], layout_long_grid,
          gammafunk_ghost_necromancy, hangedman_little_slice_of_home,
          uniq_snorg, uniq_fannar, uniq_psyche, uniq_harold
D:12:     layout_roguey, serial_shops, shop, kennysheep_little_box,
          nicolae_shop_behind_doors, shop, uniq_urug
D:13:     evilmike_iron_armoury, layout_basic, serial_ice, serial_ice_f,
          serial_ice_m, serial_ice_a, serial_ice_i,
          portal_ice_cave_entry_pillars_1, hangedman_parallel_progression,
          uniq_josephine
Lair:1:   layout_loops_ring, grunt_megastairs_2, infiniplex_staircase_pool

Skill      XL: |  1  2  3  4  5  6  7  8  9 10 11 |
---------------+----------------------------------+-----
Fighting       | 4 5 6 |  6.7
Axes           | 2 3 4 5 6 |  6.9
Armour         | 2 3 4 5 6 7 |  7.9
Dodging        | 1 2 3 4 5 |  5.0
Invocations    | 3 4 6 7 |  7.8
Short Blades   | 1 3 4 5 |  5.0
Shields        | 1 2 |  2.4
Evocations     | |  0.8

Action                   |  1- 3 |  4- 6 |  7- 9 | 10-12 || total
-------------------------+-------+-------+-------+-------++-------
Melee: Hand axe          |     7 |   313 |    25 |       ||   345
       Kick              |     4 |    69 |   134 |   141 ||   348
       Rapier            |       |       |   335 |   154 ||   489
       War axe           |       |       |    56 |   299 ||   355
Invok: Depart the Abyss  |       |     1 |       |       ||     1
       Banish            |       |       |     3 |     6 ||     9
Evoke: Wand              |       |     2 |     2 |       ||     4
  Use: Potion            |     1 |     1 |     1 |     3 ||     6
       Scroll            |       |     8 |     5 |     7 ||    20
 Stab: Invisible         |       |       |     1 |       ||     1
  Eat: Chunk             |       |     8 |    14 |    16 ||    38
       Ration            |       |       |     1 |     1 ||     2
Armor: Chain mail        |       |   227 |   128 |       ||   355
       Leather armour    |       |     9 |       |       ||     9
       Plate armour      |       |       |   189 |   354 ||   543
Dodge: Dodged            |     1 |    66 |    76 |   107 ||   250
Block: Buckler           |       |    45 |    62 |   157 ||   264

Table legend:
 A = Non-vault XP
 B = Vault XP
 C = Vault XP percentage of total XP
 D = Non-vault monster count
 E = Vault monster count
 F = Vault count percentage of total count
                 A         B        C        D         E       F
            +---------+---------+-------+---------+---------+-------
      Total |   11582 |    3739 |  24.4 |     273 |      55 |  16.8
            +---------+---------+-------+---------+---------+-------
        D:1 |      48 |       0 |   0.0 |      27 |       0 |   0.0
        D:2 |      60 |       2 |   3.2 |      22 |       1 |   4.3
        D:3 |      95 |      81 |  46.0 |      36 |       3 |   7.7
        D:4 |     118 |       0 |   0.0 |      13 |       0 |   0.0
        D:5 |     557 |     255 |  31.4 |      20 |       3 |  13.0
        D:6 |    1089 |     660 |  37.7 |      19 |       5 |  20.8
        D:7 |    1443 |     857 |  37.3 |      30 |       3 |   9.1
        D:8 |    1558 |     345 |  18.1 |      40 |      11 |  21.6
        D:9 |    1809 |     407 |  18.4 |      31 |       9 |  22.5
       D:10 |    2339 |     467 |  16.6 |      20 |       7 |  25.9
       D:13 |       0 |     560 | 100.0 |       0 |      12 | 100.0
     Lair:1 |    2327 |     105 |   4.3 |      11 |       1 |   8.3
    Abyss:1 |     139 |       0 |   0.0 |       4 |       0 |   0.0
            +---------+---------+-------+---------+---------+-------
